 Dungeon Crawl Stone Soup version 0.26-a0-651-gb41185065b (webtiles) character file.

Game seed: 4298738836445298026

161413 lorenzova the Eclecticist (level 17, -6/80 HPs)
             Began as a Deep Elf Conjurer on Oct 9, 2020.
             Was the Champion of Vehumet.
             Shot with an arrow by a deep elf master archer (25 damage)
             ... on level 3 of the Elven Halls.
             The game lasted 03:00:30 (43977 turns).

lorenzova the Eclecticist (Deep Elf Conjurer)      Turns: 43977, Time: 03:00:32

Health: -6/80      AC:  2    Str:  2    XL:     17   Next: 20%
Magic:  35/43      EV: 13    Int: 31    God:    Vehumet [******]
Gold:   1220       SH:  5    Dex: 13    Spells: 6/57 levels left

rFire    + . .     SeeInvis +   F - staff of conjuration
rCold    . . .     Faith    .   (no shield)
rNeg     . . .     Spirit   .   R - +1 robe {Archmagi}
rPois    .         Reflect  +   (helmet restricted)
rElec    .         Harm     .   g - -3 cloak "Leppaox" {rF+}
rCorr    +         Rampage  .   m - +0 pair of gloves
MR       +++..     Rnd*Rage +   (no boots)
Stlth    ++........             s - amulet "Bohyac" {Reflect MR++ SH+5}
HPRegen  0.23/turn              O - ring of resist corrosion
MPRegen  0.28/turn              Q - ring of see invisible

@: studying Earth Magic
A: beak, berserk 1, blurry vision 1, deterioration 1, mutation resistance 1,
screaming 1, weak 1
a: Renounce Religion


You were on level 3 of the Elven Halls.
You worshipped Vehumet.
Vehumet was exalted by your worship.
You visited 5 branches of the dungeon, and saw 27 of its levels.
You also visited: Bailey and Gauntlet.

You collected 3965 gold pieces.
You spent 2745 gold pieces at shops.

Inventory:

Hand Weapons
 a - the +10 long sword of Causality {protect, rN++ MR+ Dex+3 Stlth-}
   (You found it on level 1 of the Lair of Beasts)

   It grants its wielder temporary protection when it strikes (+7 to AC).
   It affects your dexterity (+3).
   It greatly protects you from negative energy.
   It affects your resistance to hostile enchantments.
   It makes you less stealthy.
 N - the +5 flail "Goblin's Demise" {freeze, rPois rF- Dex+2}
   (You found it on level 11 of the Dungeon)

   It has been specially enchanted to freeze those struck by it, causing extra
   injury to most foes and up to half again as much damage against particularly
   susceptible opponents.
   It can also slow down cold-blooded creatures.
   It affects your dexterity (+2).
   It makes you vulnerable to fire.
   It protects you from poison.
 P - the +0 dagger "Dutav" {venom, SInv}
   (You found it on level 6 of the Dungeon)

   It poisons the flesh of those it strikes.
   It lets you see invisible.
 W - the +9 flail of the Boiling Point {vorpal, Int+2}
   (You found it on level 2 of the Elven Halls)

   It inflicts extra damage upon your enemies.
   It affects your intelligence (+2).
Armour
 c - the +0 helmet of Liberalism {*Drain rPois rN+++ Regen+}
   (You found it on level 11 of the Dungeon)

   It protects you from poison.
   It renders you almost immune to negative energy.
   It increases your rate of regeneration.
   It causes draining when unequipped.
 g - the -3 cloak "Leppaox" (worn) {rF+}
   (You found it on level 5 of the Lair of Beasts)

   It protects you from fire.
 m - a +0 pair of gloves (worn)
 H - a scarf of repulsion
 I - a +1 leather armour of magic resistance
 J - a +2 robe of fire resistance
 K - the +3 robe of Folly {Archmagi, MR-- Int+5}
   (You took it off a vampire on level 11 of the Dungeon)

   It affects your intelligence (+5).
   It affects your resistance to hostile enchantments.
 L - a +2 leather armour of cold resistance
 M - a +3 ring mail of poison resistance
 R - a +1 robe of the Archmagi (worn)
Magical Staves
 F - an uncursed staff of conjuration (weapon)
Jewellery
 s - the amulet "Bohyac" (around neck) {Reflect MR++ SH+5}
   (You found it on level 7 of the Dungeon)

   [amulet of reflection]

   It shields you and reflects attacks.
   It affects your resistance to hostile enchantments.
   It affects your SH (+5).
 C - an uncursed ring of ice
 O - a ring of resist corrosion (left hand)
 Q - a ring of see invisible (right hand)
 S - an uncursed amulet of the acrobat
 T - an uncursed ring of positive energy
Wands
 y - a wand of digging (9)
 z - a wand of disintegration (37)
 V - a wand of enslavement (8)
Scrolls
 e - 5 scrolls of enchant armour
 h - 7 scrolls of magic mapping
 j - 10 scrolls of remove curse
 l - 2 scrolls of fog
 q - 2 scrolls of amnesia
 t - a scroll of enchant weapon
 u - 3 scrolls of fear
 v - 10 scrolls of teleportation
 x - 3 scrolls of holy word
 A - a scroll of silence
 B - 2 scrolls of brand weapon
 U - a scroll of identify
Potions
 b - 10 potions of brilliance
 d - 6 potions of might
 f - 9 potions of curing
 i - 5 potions of flight
 k - 3 potions of resistance
 n - 6 potions of haste
 o - 11 potions of ambrosia
 r - a potion of berserk rage
 w - 2 potions of stabbing
 D - 6 potions of heal wounds
 G - 5 potions of magic
Books
 p - a manual of Earth Magic


   Skills:
 - Level 2.4 Dodging
 - Level 2.4 Stealth
 * Level 20.6 Spellcasting
 * Level 18.1 Conjurations
 - Level 9.0 Hexes
 + Level 6.9 Summonings
 - Level 6.0 Translocations
 * Level 16.0 Fire Magic
 + Level 11.7 Earth Magic


You had 6 spell levels left.
You knew the following spells:

 Your Spells              Type           Power        Failure   Level
a - Magic Dart            Conj           ####         0%          1
b - Iskenderun's Battles  Conj           ########     0%          5
c - Iskenderun's Mystic   Conj/Tloc      ########     1%          4
d - Fulminant Prism       Conj/Hex       ########..   1%          4
e - Ignition              Fire           ########..   2%          8
f - Fireball              Conj/Fire      ########..   1%          5
g - Sandblast             Erth           ######       0%          1
h - Spellforged Servitor  Conj/Summ      ########..   1%          7
i - Bolt of Magma         Conj/Fire/Erth ########..   1%          5
o - Orb of Destruction    Conj           ########..   1%          7
s - Sticky Flame          Conj/Fire      ########     0%          4

Your spell library contained the following spells:

 Spells                   Type           Power        Failure   Level
 Tornado                  Air            #####.....   100%        9
 Searing Ray              Conj           ######       0%          2
 Conjure Flame            Conj/Fire      ########     0%          3
 Dazzling Flash           Conj/Hex       ######       0%          3
 Inner Flame              Hex/Fire       ########     0%          3
 Stone Arrow              Conj/Erth      ######       0%          3
 Animate Skeleton         Necr           #####.       1%          1
 Apportation              Tloc           ######       1%          1
 Corona                   Hex            #######      1%          1
 Sting                    Tmut/Pois      ####         1%          1
 Summon Small Mammal      Summ           ####         1%          1
 Call Imp                 Summ           #######.     1%          2
 Corpse Rot               Necr/Air       N/A          1%          2
 Ensorcelled Hibernation  Hex/Ice        ######       1%          2
 Passwall                 Tmut/Erth      #######.     1%          2
 Poisonous Vapours        Pois/Air       #####.       1%          2
 Slow                     Hex            #######.     1%          2
 Sublimation of Blood     Necr           #####.....   1%          2
 Call Canine Familiar     Summ           #######.     1%          3
 Confusing Touch          Hex            #######.     1%          3
 Ignite Poison            Fire/Tmut/Pois #######.     1%          3
 Mephitic Cloud           Conj/Pois/Air  ########     1%          3
 Portal Projectile        Hex/Tloc       ######       1%          3
 Summon Guardian Golem    Hex/Summ       #######.     1%          3
 Tukima's Dance           Hex            #######.     1%          3
 Cause Fear               Hex            #######...   1%          4
 Leda's Liquefaction      Hex/Erth       #######...   1%          4
 Petrify                  Tmut/Erth      #######.     1%          4
 Lee's Rapid Deconstruct  Erth           ########..   1%          5
 Summon Mana Viper        Hex/Summ       #######.     1%          5
 Iron Shot                Conj/Erth      ########..   1%          6
 Starburst                Conj/Fire      ########..   1%          6
 Summon Ice Beast         Ice/Summ       ######..     2%          4
 Summon Lightning Spire   Summ/Air       ######..     2%          4
 Olgreb's Toxic Radiance  Pois           #####...     3%          4
 Metabolic Englaciation   Hex/Ice        ######....   4%          5
 Freezing Cloud           Conj/Ice/Air   ########..   4%          6
 Dispel Undead            Necr           #####...     11%         4
 Ice Form                 Ice/Tmut       #####...     11%         4
 Statue Form              Tmut/Erth      #######..    16%         6
 Agony                    Necr           #####...     30%         5
 Excruciating Wounds      Necr           #####.....   30%         5
 Ozocubu's Refrigeration  Ice            #####.....   38%         6
 Simulacrum               Ice/Necr       #####.....   86%         6
 Lehudib's Crystal Spear  Conj/Erth      ########..   4%          8
 Fire Storm               Conj/Fire      ########..   24%         9
 Chain Lightning          Conj/Air       ########..   41%         8
 Shatter                  Erth           ########..   89%         9
 Absolute Zero            Ice            #####.....   100%        9


Dungeon Overview and Level Annotations

Branches:
Dungeon (15/15)            Temple (1/1) D:4            Lair (6/6) D:8
 Shoals (0/4) Lair:2       Spider (0/4) Lair:2        Slime (0/5) Lair:5
    Orc (2/2) D:11            Elf (3/3) Orc:2        Vaults (0/5) D:13
 Depths (0/5) D:15         Bailey (visited)         Gauntlet (visited)

Altars:
Ashenzari
Cheibriados
Dithmenos
Elyvilon
Fedhas
Kikubaaqudgha
Nemelex Xobeh
Okawaru
Qazlal
Ru
Sif Muna
Trog
Vehumet
Wu Jian
Xom
Yredelemnul
Zin
The Shining One
Beogh
Jiyva

Shops:
D:14 (   Orc:2 *}:   Elf:1 !   Elf:2 }


Innate Abilities, Weirdness & Mutations

You have a beak for a mouth.
You tend to lose your temper in combat.
Scrolls take you a little longer to read.
Your body sometimes deteriorates upon taking damage.
You are somewhat resistant to further mutation.
You occasionally shout uncontrollably at your foes.
You are weak. (Str -2)


Message History

t - Shout!
Orders for allies: a - Attack new target. r - Retreat! s - Stop attacking. g - Guard the area. f - Follow me.
Anything else - Cancel.
Gang up on whom?
Press: ? - help, Dir - move target cursor, f - deep elf master archer
Aim: a deep elf master archer, wielding a +0 longbow, wearing a +0 leather armour and quivering 20 arrows Attack!
Your spellforged servitor conjures an orb of pure magic.
The deep elf master archer shoots an arrow.
The arrow hits your spellforged servitor!!
Your spellforged servitor is destroyed!
The orb of destruction hits the deep elf master archer!!!
The deep elf master archer shoots an arrow.
The arrow hits you!!!
* * * LOW HITPOINT WARNING * * *
The deep elf master archer shoots an arrow.
The arrow hits you!!
You die...

##.....##.# #.#...#........#...##
#.....##.###..............#...##
###.####........................
####.###########.[...............
.........## #)................
.##.#.##(# #[#..<......#...##
.#.###.#.# ##'##............##
.##.#.##.# ##)..##...........##
.##...##.# ##..@..#...........##
.........# ##.).(....##)........#
####....####[...○....##.........#
#.......'.[..*....'...........
####....####....○.)..#.........##
.....^...# ##..)○....#........##
.###.###.# ##..☼...##.......## .#
#.# #.######.[e..##.....### .#
#.# #.#...###'....###.###


You could see a deep elf master archer.

Vanquished Creatures
  Rupert (D:15)
  A deep elf blademaster (Elf:3)
  Agnes (D:13)
  Roxanne (D:14)
  2 deep elf sorcerers (Elf:3)
  Louise (Elf:2)
  An ironheart preserver (D:13)
  A deep elf elementalist (Elf:3)
  The ghost of Reniomp the Timeless, a journeyman DDFi of Cheibriados (Lair:6)
  Nessos (D:15)
  2 deep elf demonologists
  The ghost of loralnil the Nimble, a journeyman MfTm of Dithmenos (Lair:3)
  A deep elf annihilator (Elf:3)
  3 deep elf death magi (Elf:3)
  A deep elf high priest (Elf:3)
  12 hydras
  3 catoblepae
  5 two-headed ogres
  9 dancing weapons
  5 centaur warriors
  4 death yaks
  4 orc high priests (Orc:2)
  Urug (Orc:1)
  11 deep elf knights
  8 skeletal warriors
  An unseen horror (D:13)
  3 spectral hydras (Lair:3)
  4 orange crystal statues (Orc:1)
  2 deep elf archers
  A lindwurm (Lair:5)
  The ghost of emmisofia the Cleaver, a novice MiFi of Okawaru (D:6)
  An orc knight (Bailey)
  7 ugly things
  2 orc sorcerers (Orc:2)
  An orb spider (Lair:2)
  35 deep elf magi
  3 oklob plants (Lair:4)
  A wolf spider (D:11)
  3 cyclopes
  A merfolk siren (Lair:2)
  The ghost of Flugslaktarn the Chopper, a novice DDFi of Makhleb (D:6)
  9 cane toads
  2 black mambas
  A guardian serpent (D:9)
  9 elephants
  The ghost of PanSaczeczos the Ruffian, a novice DrTm (D:6)
  5 gargoyles
  A kobold demonologist (D:13)
  2 rime drakes
  An efreet (D:15)
  6 komodo dragons
  7 polar bears
  A queen bee (Lair:3)
  6 trolls
  3 meliai (D:14)
  The ghost of XanderDroid the Sneak, an amateur GnWn of Ashenzari (D:3)
  Prince Ribbit (D:6)
  4 hornets (Lair:6)
  7 blink frogs
  7 dream sheep (Lair:4)
  5 hippogriffs
  A vampire (D:11)
  A spectral black mamba (Lair:3)
  11 spriggans (Lair:6)
  53 yaks
  A fire elemental (Elf:1)
  A wyvern (D:13)
  3 basilisks
  4 wraiths
  A harpy simulacrum (D:15)
  A catoblepas simulacrum (Lair:3)
  5 vampire mosquitoes
  2 wargs
  A soldier ant (D:13)
  5 water moccasins
  A hydra simulacrum (Lair:3)
  Duvessa (D:7)
  10 porcupines
  2 black bears (Lair:6)
  41 orc warriors
  6 ice beasts
  4 sky beasts
  A phantom (D:14)
  14 ogres
  5 boggarts (Lair:6)
  3 necrophages
  14 wolves (Lair:6)
  12 centaurs
  11 crocodiles
  An elf zombie (D:13)
  21 bullfrogs
  Dowan (D:7)
  A wyvern skeleton (D:10)
  4 scorpions
  53 killer bees
  6 wights
  2 electric eels (Lair:4)
  7 howler monkeys
  6 hounds
  2 quasits
  5 centaur zombies
  3 human zombies (D:13)
  2 bullfrog zombies
  40 orc priests
  A human skeleton (D:13)
  6 jellies
  A bullfrog skeleton (D:5)
  3 centaur skeletons
  5 iguanas
  41 orc wizards
  7 worker ants
  2 hound skeletons
  A worker ant zombie (D:5)
  3 mummies
  15 adders
  4 gnolls (D:8)
  2 shadow imps
  4 white imps
  4 ufetubi
  5 oozes
  An adder skeleton (D:9)
  2 worms
  A dart slug (D:1)
  6 leopard geckos
  141 orcs
  10 bats
  5 giant cockroaches
  14 goblins
  5 hobgoblins
  5 jackals
  3 quokkas
  12 frilled lizards
  A jackal skeleton (D:8)
  7 kobolds
  A leopard gecko zombie (D:7)
  An orc skeleton (D:13)
  An orc zombie (D:13)
  8 rats
924 creatures vanquished.

Vanquished Creatures (collateral kills)
  A deep elf blademaster (Elf:2)
  A deep elf sorcerer (Elf:3)
  3 deep elf elementalists (Elf:3)
  2 deep elf demonologists (Elf:3)
  A deep elf annihilator (Elf:1)
  2 deep elf high priests (Elf:3)
  A hydra (D:14)
  17 dancing weapons
  2 two-headed ogres (D:15)
  6 skeletal warriors (D:15)
  5 deep elf knights
  A golden dragon zombie (D:15)
  A phantasmal warrior (D:15)
  A necromancer (D:15)
  A deep elf archer (Elf:3)
  A sphinx skeleton (D:15)
  5 ugly things (D:15)
  26 deep elf magi
  A centaur zombie (D:15)
  A centaur skeleton (D:15)
  A guardian mummy (D:15)
  An efreet (D:14)
  A troll (D:15)
  2 yaktaur skeletons (D:15)
  A hippogriff (D:15)
  2 air elementals
  A water elemental (Elf:3)
  3 fire elementals
  A black bear (shapeshifter) (D:15)
  An eye of draining (D:15)
  An ice beast (shapeshifter) (Elf:1)
  A big kobold (D:14)
  5 earth elementals
  A scorpion (D:14)
  3 wights (D:15)
  An orc wizard (D:14)
  3 orcs (D:14)
  4 kobolds (D:14)
112 creatures vanquished.

Vanquished Creatures (others)
  174 fulminant prisms
  83 fungi
  130 plants
  25 withered plants
412 creatures vanquished.

Grand Total: 1448 creatures vanquished

Notes
Turn   | Place    | Note
-------+----------+-------------------------------------------
     0 | D:1      | lorenzova the Deep Elf Conjurer began the quest for the
                  | Orb.
     0 | D:1      | Reached XP level 1. HP: 10/10 MP: 6/6
   175 | D:1      | Reached XP level 2. HP: 15/15 MP: 4/8
   265 | D:1      | Learned a level 2 spell: Searing Ray
   634 | D:2      | Found a basalt altar of Yredelemnul.
   648 | D:2      | Reached skill level 4 in Spellcasting
   859 | D:2      | Reached skill level 5 in Conjurations
   859 | D:2      | Reached XP level 3. HP: 19/19 MP: 2/10
  1330 | D:2      | Reached XP level 4. HP: 21/24 MP: 0/12
  1526 | D:2      | Reached skill level 5 in Spellcasting
  1799 | D:3      | Reached XP level 5. HP: 24/28 MP: 11/15
  2177 | D:3      | Reached skill level 6 in Spellcasting
  2331 | D:3      | Found an iron altar of Okawaru.
  2621 | D:3      | Reached XP level 6. HP: 24/32 MP: 5/17
  2781 | D:3      | Found a runed translucent gate.
  2782 | D:3      | Found a runed translucent gate.
  2783 | D:3      | Found a runed translucent gate.
  2785 | D:3      | Noticed XanderDroid's ghost (amateur GnWn)
  2786 | D:3      | Identified the cursed +0 dagger of the Extremes {elec, MR+
                  | Dex+2}
  2786 | D:3      | Identified the +0 chain mail of the Centipede {+Inv rPois
                  | rF- Regen+}
  2803 | D:3      | Found a roughly hewn altar of Beogh.
  3604 | D:4      | Reached skill level 7 in Spellcasting
  3704 | D:4      | Found a staircase to the Ecumenical Temple.
  3774 | Temple   | Entered the Ecumenical Temple
  3941 | Temple   | Became a worshipper of Vehumet
  4001 | D:4      | Reached XP level 7. HP: 28/36 MP: 14/19
  4452 | D:4      | Learned a level 4 spell: Iskenderun's Mystic Blast
  4457 | D:4      | Learned a level 4 spell: Fulminant Prism
  4473 | D:5      | Entered Level 5 of the Dungeon
  4477 | D:5      | Reached skill level 1 in Hexes
  4755 | D:5      | Reached skill level 1 in Translocations
  4863 | D:5      | Reached skill level 8 in Spellcasting
  4908 | D:5      | Found a glowing silver altar of Zin.
  4909 | D:5      | Found a shimmering altar of Xom.
  4911 | D:5      | Found a glowing golden altar of the Shining One.
  5044 | D:5      | Reached * piety under Vehumet
  5044 | D:5      | Offered knowledge of Freeze by Vehumet.
  5501 | D:5      | Reached XP level 8. HP: 41/41 MP: 20/22
  5742 | D:6      | Found a runed translucent gate.
  5742 | D:6      | Found a runed translucent gate.
  5742 | D:6      | Found a runed translucent gate.
  5742 | D:6      | Noticed Flugslaktarn's ghost (novice DDFi)
  5742 | D:6      | Noticed emmisofia's ghost (novice MiFi)
  5742 | D:6      | Noticed PanSaczeczos's ghost (novice DrTm)
  5791 | D:6      | Reached skill level 9 in Spellcasting
  5830 | D:6      | Noticed Prince Ribbit
  5850 | D:6      | Killed Prince Ribbit
  6077 | D:6      | Found a shimmering blue altar of Sif Muna.
  6208 | D:6      | Offered knowledge of Shock by Vehumet.
  6351 | D:7      | Noticed Dowan
  6368 | D:7      | Killed Dowan
  6368 | D:7      | Reached ** piety under Vehumet
  6386 | D:7      | Noticed Duvessa
  6572 | D:7      | Reached skill level 10 in Spellcasting
  6670 | D:7      | Reached XP level 9. HP: 45/45 MP: 23/25
  6953 | D:7      | Got a coiled tin amulet
  7250 | D:7      | Killed Duvessa
  7716 | D:8      | Reached skill level 5 in Hexes
  7992 | D:8      | Offered knowledge of Conjure Flame by Vehumet.
  8012 | D:8      | Learned a level 3 spell: Conjure Flame
  8047 | D:8      | Reached skill level 11 in Spellcasting
  8047 | D:8      | Reached skill level 10 in Conjurations
  8081 | D:8      | Found a staircase to the Lair.
  8290 | D:8      | Reached skill level 1 in Fire Magic
  8441 | D:8      | Reached *** piety under Vehumet
  9040 | D:8      | Identified the amulet "Bohyac" {Reflect MR++ SH+5} (You
                  | found it on level 7 of the Dungeon)
  9132 | D:9      | Noticed a troll
  9189 | D:9      | Killed a troll
  9274 | D:9      | Noticed a guardian serpent
  9299 | D:9      | Killed a guardian serpent
  9299 | D:9      | Reached skill level 5 in Translocations
  9299 | D:9      | Reached XP level 10. HP: 50/50 MP: 15/27
  9381 | D:9      | Gained mutation: You are weak. (Str -2) [potion of
                  | mutation]
  9381 | D:9      | Gained mutation: Armour fits poorly on your strangely
                  | shaped body. [potion of mutation]
  9381 | D:9      | Gained mutation: You have sharp toenails. [potion of
                  | mutation]
  9382 | D:9      | Lost mutation: You are weak. (Str -2) [potion of mutation]
  9382 | D:9      | Gained mutation: You are covered in fur. (AC +1) [potion of
                  | mutation]
  9382 | D:9      | Gained mutation: Your mind is acute. (Int +2) [potion of
                  | mutation]
  9382 | D:9      | Gained mutation: You expend magic power (3 MP) to
                  | strengthen your wands. [potion of mutation]
  9504 | D:9      | Offered knowledge of Sticky Flame by Vehumet.
  9511 | D:9      | Learned a level 4 spell: Sticky Flame
  9683 | D:9      | Noticed a two-headed ogre
  9694 | D:9      | Killed a two-headed ogre
  9806 | D:9      | Found a broken altar of Ashenzari.
  9852 | D:9      | Found an ornate altar of the Wu Jian Council.
 10007 | D:9      | Reached skill level 12 in Spellcasting
 10120 | D:9      | Found a snail-covered altar of Cheibriados.
 10313 | D:10     | Entered Level 10 of the Dungeon
 10523 | D:10     | Reached **** piety under Vehumet
 10888 | D:10     | Reached skill level 5 in Fire Magic
 11110 | D:10     | Offered knowledge of Fireball by Vehumet.
 11294 | D:10     | Learned a level 5 spell: Fireball
 11339 | Lair:1   | Entered Level 1 of the Lair of Beasts
 11437 | Lair:1   | Noticed a cane toad
 11438 | Lair:1   | Noticed a cane toad
 11446 | Lair:1   | Killed a cane toad
 11449 | Lair:1   | Killed a cane toad
 11449 | Lair:1   | Reached XP level 11. HP: 54/54 MP: 10/29
 11606 | Lair:1   | Reached skill level 13 in Spellcasting
 12501 | Lair:1   | Got an ancient long sword
 12502 | Lair:1   | Identified the +10 long sword of Causality {protect, rN++
                  | MR+ Dex+3 Stlth-} (You found it on level 1 of the Lair of
                  | Beasts)
 12550 | Lair:2   | Found a gate leading to a gauntlet.
 12554 | Lair:2   | Noticed a seven-headed hydra
 12560 | Lair:2   | Killed a seven-headed hydra
 12601 | Gauntlet | Entered a Gauntlet
 12601 | Gauntlet | Found a transporter.
 12609 | Gauntlet | Noticed a dire elephant
 12610 | Gauntlet | Found a transporter.
 12612 | Gauntlet | Noticed a reaper
 12622 | Gauntlet | Found a transporter.
 12626 | Gauntlet | Found a transporter.
 12633 | Gauntlet | Noticed a death scarab
 12634 | Gauntlet | Noticed a death scarab
 12640 | Gauntlet | Found a transporter.
 12655 | Gauntlet | Noticed a thrashing horror
 12656 | Gauntlet | Found a transporter.
 12658 | Gauntlet | Noticed a thrashing horror
 12666 | Gauntlet | Noticed a sixfirhy
 12666 | Gauntlet | Noticed a sixfirhy
 12670 | Gauntlet | Found a transporter.
 12673 | Gauntlet | Noticed a sixfirhy
 12675 | Gauntlet | Found a transporter.
 12675 | Gauntlet | Found a transporter.
 12678 | Gauntlet | Found a transporter.
 12679 | Gauntlet | Found a transporter.
 12680 | Gauntlet | Found a runed translucent door.
 12694 | Gauntlet | Found a transporter.
 12909 | Lair:2   | Found a hole to the Spider Nest.
 12909 | Lair:2   | Noticed an orb spider
 12915 | Lair:2   | Killed an orb spider
 13491 | Lair:2   | Reached skill level 14 in Spellcasting
 13531 | Lair:2   | Found a staircase to the Shoals.
 13687 | Lair:2   | Noticed an eight-headed hydra
 13691 | Lair:2   | Killed an eight-headed hydra
 13835 | Lair:2   | Reached XP level 12. HP: 42/59 MP: 5/32
 14791 | Lair:3   | Reached ***** piety under Vehumet
 14798 | Lair:3   | Offered knowledge of Iskenderun's Battlesphere by Vehumet.
 14806 | Lair:3   | Learned a level 5 spell: Iskenderun's Battlesphere
 15515 | Lair:3   | Found a runed translucent gate.
 15515 | Lair:3   | Found a runed translucent gate.
 15515 | Lair:3   | Found a runed translucent gate.
 15515 | Lair:3   | Noticed loralnil's ghost (journeyman MfTm)
 15726 | Lair:4   | Noticed a four-headed hydra
 15731 | Lair:4   | Killed a four-headed hydra
 15734 | Lair:4   | Noticed a seven-headed hydra
 15735 | Lair:4   | Reached skill level 15 in Spellcasting
 15739 | Lair:4   | Killed a seven-headed hydra
 16399 | Lair:4   | Reached skill level 10 in Fire Magic
 17157 | Lair:4   | Reached XP level 13. HP: 63/63 MP: 23/34
 17434 | Lair:4   | Lost mutation: You expend magic power (3 MP) to strengthen
                  | your wands. [potion of mutation]
 17434 | Lair:4   | Lost mutation: You have sharp toenails. [potion of
                  | mutation]
 17434 | Lair:4   | Gained mutation: Your mind is very acute. (Int +4) [potion
                  | of mutation]
 17434 | Lair:4   | Gained mutation: You have a beak for a mouth. [potion of
                  | mutation]
 17463 | Lair:4   | Lost mutation: Armour fits poorly on your strangely shaped
                  | body. [potion of mutation]
 17463 | Lair:4   | Gained mutation: You tend to lose your temper in combat.
                  | [potion of mutation]
 17463 | Lair:4   | Gained mutation: Your muscles are strong. (Str +2) [potion
                  | of mutation]
 17632 | Lair:5   | Reached skill level 16 in Spellcasting
 17708 | Lair:5   | Learned a level 1 spell: Sandblast
 17722 | Lair:5   | Got a polished cloak
 17728 | Lair:5   | Identified the cursed -3 cloak "Leppaox" {rF+} (You found
                  | it on level 5 of the Lair of Beasts)
 17744 | Lair:5   | Reached skill level 1 in Earth Magic
 17753 | Lair:5   | Offered knowledge of Freezing Cloud by Vehumet.
 18482 | Lair:5   | You fall into a shaft and drop 1 floor!
 18482 | Lair:6   | Entered Level 6 of the Lair of Beasts
 18552 | Lair:5   | Found a runed translucent door.
 18553 | Lair:5   | Found a viscous altar of Jiyva.
 18556 | Lair:5   | Found a staircase to the Slime Pits.
 19945 | Lair:6   | Found a runed translucent door.
 19950 | Lair:6   | Noticed Reniomp's ghost (journeyman DDFi)
 21195 | Lair:6   | Reached skill level 15 in Conjurations
 21195 | Lair:6   | Reached skill level 17 in Spellcasting
 21439 | Lair:6   | Reached skill level 5 in Earth Magic
 21447 | Lair:6   | Reached XP level 14. HP: 68/68 MP: 31/37
 23747 | D:11     | Found a flagged portal.
 23790 | Bailey   | Entered a bailey
 23996 | Bailey   | Offered knowledge of Starburst by Vehumet.
 24991 | D:11     | Got a masterwork flail
 24992 | D:11     | Identified the +5 flail "Goblin's Demise" {freeze, rPois
                  | rF- Dex+2} (You found it on level 11 of the Dungeon)
 25042 | D:11     | Learned a level 6 spell: Starburst
 25309 | D:11     | HP: 1/68 [cyclops/large rock (28)]
 25327 | D:11     | Found a staircase to the Orcish Mines.
 26399 | D:11     | Got a twisted helmet
 26401 | D:11     | Identified the +0 helmet of Liberalism {*Drain rPois rN+++
                  | Regen+} (You found it on level 11 of the Dungeon)
 26418 | D:11     | Identified a scroll of acquirement
 26633 | Orc:1    | Entered Level 1 of the Orcish Mines
 26799 | Orc:1    | Found a runed translucent door.
 26828 | Orc:1    | Found a runed translucent door.
 26839 | Orc:1    | Found the +10 tower shield of Ignorance {rN+ Int-4}
 26849 | Orc:1    | Offered knowledge of Yara's Violent Unravelling by Vehumet.
 27396 | Orc:2    | Entered Level 2 of the Orcish Mines
 27667 | Orc:2    | Found a staircase to the Elven Halls.
 27919 | Orc:2    | Offered knowledge of Bolt of Magma by Vehumet.
 27963 | Orc:2    | Learned a level 5 spell: Bolt of Magma
 28419 | Orc:2    | Found Xifi Ofo's Distillery.
 28419 | Orc:2    | Found Buasid's Book Shop.
 28422 | Orc:2    | Found Beruo's General Store.
 28422 | Orc:2    | Found Copt's Gadget Boutique.
 28996 | Orc:1    | Reached skill level 18 in Spellcasting
 29001 | Orc:1    | Noticed Urug
 29002 | Orc:1    | Killed Urug
 29548 | D:3      | Killed XanderDroid's ghost
 29639 | D:6      | Killed emmisofia's ghost
 29646 | D:6      | Killed PanSaczeczos's ghost
 29657 | D:6      | Killed Flugslaktarn's ghost
 29769 | D:6      | Got a scorched dagger
 29771 | D:6      | Identified the cursed +0 dagger "Dutav" {venom, SInv} (You
                  | found it on level 6 of the Dungeon)
 29952 | Lair:3   | Killed loralnil's ghost
 30283 | Lair:6   | Killed Reniomp's ghost
 30636 | Orc:2    | Acquired 952 gold pieces
 30641 | Orc:2    | Bought a manual of Earth Magic for 1656 gold pieces
 30641 | Orc:2    | Bought a book of Power for 675 gold pieces
 30643 | Orc:2    | Bought a potion of heal wounds for 80 gold pieces
 30643 | Orc:2    | Bought a scroll of remove curse for 48 gold pieces
 30655 | Orc:2    | Learned a level 7 spell: Orb of Destruction
 30665 | Orc:2    | Learned a level 7 spell: Spellforged Servitor
 30675 | Orc:2    | Lost mutation: Your mind is very acute. (Int +4) [potion of
                  | mutation]
 30675 | Orc:2    | Lost mutation: Your muscles are strong. (Str +2) [potion of
                  | mutation]
 30675 | Orc:2    | Lost mutation: You are covered in fur. (AC +1) [potion of
                  | mutation]
 30675 | Orc:2    | Lost mutation: Your mind is acute. (Int +2) [potion of
                  | mutation]
 30675 | Orc:2    | Gained mutation: Your body sometimes deteriorates upon
                  | taking damage. [potion of mutation]
 30675 | Orc:2    | Gained mutation: You occasionally shout uncontrollably at
                  | your foes. [potion of mutation]
 30675 | Orc:2    | Gained mutation: Scrolls take you a little longer to read.
                  | [potion of mutation]
 30675 | Orc:2    | Gained mutation: You are robust. (+10% HP) [potion of
                  | mutation]
 31019 | D:12     | You fall into a shaft and drop 1 floor!
 31234 | D:13     | Reached XP level 15. HP: 79/79 MP: 32/39
 31314 | D:12     | Reached skill level 1 in Summonings
 31805 | D:12     | Found a bloodstained altar of Trog.
 31938 | D:12     | Offered knowledge of Irradiate by Vehumet.
 32837 | D:13     | Found a basalt altar of Yredelemnul.
 33364 | D:13     | Found a gate to the Vaults.
 33658 | D:14     | Offered knowledge of Ignition by Vehumet.
 33672 | D:14     | Learned a level 8 spell: Ignition
 33701 | D:14     | Noticed Roxanne
 33949 | D:14     | Noticed Agnes
 34360 | D:13     | Killed Agnes
 35161 | D:14     | Reached skill level 19 in Spellcasting
 35257 | D:14     | Killed Roxanne
 35574 | D:14     | Found Laotautef's Weapon Boutique.
 35807 | D:15     | Entered Level 15 of the Dungeon
 36022 | D:15     | Found a blossoming altar of Fedhas.
 36231 | D:15     | Noticed Nessos
 36251 | D:15     | Killed Nessos
 36434 | D:15     | Found a staircase to the Depths.
 36866 | D:15     | Reached ****** piety under Vehumet
 36866 | D:15     | Offered knowledge of Tornado by Vehumet.
 37058 | D:15     | Noticed Rupert
 37111 | D:15     | Killed Rupert
 37559 | Elf:1    | Entered Level 1 of the Elven Halls
 37685 | Elf:1    | Reached XP level 16. HP: 78/83 MP: 33/41
 38297 | Elf:1    | Reached skill level 10 in Earth Magic
 38443 | Elf:1    | Reached skill level 5 in Summonings
 38450 | Elf:1    | Reached skill level 15 in Fire Magic
 38786 | Elf:1    | Identified the Incunabulum of Conjuration
 38882 | Elf:1    | Found Onykk's Distillery.
 39082 | Elf:1    | Bought a potion of heal wounds for 55 gold pieces
 39082 | Elf:1    | Bought a potion of mutation for 88 gold pieces
 39082 | Elf:1    | Bought a potion of resistance for 110 gold pieces
 39082 | Elf:1    | Bought a potion of curing for 33 gold pieces
 39083 | Elf:1    | Lost mutation: Your body sometimes deteriorates upon taking
                  | damage. [potion of mutation]
 39083 | Elf:1    | Lost mutation: You are robust. (+10% HP) [potion of
                  | mutation]
 39083 | Elf:1    | Gained mutation: You are weak. (Str -2) [potion of
                  | mutation]
 39083 | Elf:1    | Gained mutation: Your body sometimes deteriorates upon
                  | taking damage. [potion of mutation]
 39083 | Elf:1    | Gained mutation: You are somewhat resistant to further
                  | mutation. [potion of mutation]
 39196 | Elf:1    | Identified the Disquisition on Creation
 40319 | Elf:2    | Found Wuiss's Gadget Boutique.
 40497 | Elf:2    | Got a bloodstained flail
 40498 | Elf:2    | Identified the +9 flail of the Boiling Point {vorpal,
                  | Int+2} (You found it on level 2 of the Elven Halls)
 40630 | Elf:2    | Found a runed translucent gate.
 40630 | Elf:2    | Found a runed translucent gate.
 40630 | Elf:2    | Found a runed translucent gate.
 40912 | Elf:2    | Noticed Louise
 40921 | Elf:2    | Killed Louise
 40921 | Elf:2    | Reached skill level 20 in Spellcasting
 41315 | Elf:2    | Noticed a deep elf blademaster
 41321 | Elf:2    | Killed a deep elf blademaster
 42170 | Elf:3    | Entered Level 3 of the Elven Halls
 42686 | Elf:3    | Found a shimmering blue altar of Sif Muna.
 43480 | Elf:3    | Reached XP level 17. HP: 68/80 MP: 33/43
 43483 | Elf:3    | Noticed a deep elf blademaster
 43489 | Elf:3    | Killed a deep elf blademaster
 43972 | Elf:3    | Noticed a deep elf master archer
 43977 | Elf:3    | Shot with an arrow by a deep elf master archer

Illustrated notes

Levels and vault maps discovered:
D:1:      dpeg_arrival_round_b, layout_rooms, minmay_lizard_pond
D:2:      layout_basic, old_standard_altar
D:3:      layout_rooms, kennysheep_okawaru_gauntlet, biasface_ghost_orc_armoury
D:4:      minmay_chambers_of_threes, layout_cave_pools,
          minmay_temple_entry_wispy
D:5:      layout_loops_ring, chequers_temple_overflow_statue_of_worship
D:6:      layout_rooms, gammafunk_ghost_cemetery, basic_altar,
          uniq_prince_ribbit1
D:7:      layout_basic, uniq_duvessa
D:8:      layout_basic, lair_entry_dummy
D:9:      layout_roguey, slow_altar_2, nicolae_overflow_hidden_temple,
          lemuel_round_altar, nrook_guardian_serpent_double
D:10:     layout_cave_pools, serial_column_ruins, column_ruins_grid_1,
          column_ruins_open_tiny, column_ruins_columns_corner,
          column_ruins_open_medium, column_ruins_open_large
D:11:     minmay_the_grid_triangle_9x9_rhombus_thin_mashed
          [minmay_the_grid_triangle_9x9_swiss_cheese,
          minmay_the_grid_triangle_9x9_prize_insulated,
          minmay_the_grid_triangle_9x9_sparse_checkered,
          minmay_the_grid_triangle_9x9_corruption], layout_loops_ring,
          enter_bailey_2, roderic_serpentine_path
D:12:     layout_stronghold, basic_altar
D:13:     layout_roguey, skrybe_vaults_entry_preservation,
          lemuel_mausoleum_altar_yredelemnul
D:14:     layout_cave_pools, minivault_11, serial_shops, kennysheep_mini_moat,
          uniq_agnes, uniq_roxanne
D:15:     gammafunk_depths_entry_grave, layout_loops_ring, fedhas_altar_3,
          hangedman_abyss_or_decor_clamps, uniq_rupert, uniq_nessos
Temple:   minmay_temple_curvy_branch
Lair:1:   layout_regular_city, chequers_serial_rivers_large_b,
          grunt_megastairs_5
Lair:2:   layout_cave_pods, minmay_shoals_entry_lonely_mermaid,
          nicolae_spider_entry_orb_guardian, gauntlet_entry_generic,
          beast_lair_carwin_3
Lair:3:   layout_loops_ring, special_room [special_room_bee],
          gammafunk_ghost_necromancy, grunt_megastairs_1
Lair:4:   layout_gridlike, cheibrodos_lair_lostbears, serial_bayou_shore_b,
          minmay_lair_oklob_chamber
Lair:5:   beast_lair_carwin_large_1, layout_loops_ring, slime_altar_2,
          cheibrodos_lair_reptile_den
Lair:6:   minmay_lair_end_enchanted_forest, layout_layer_cave,
          ebering_ghost_reflecting_pool
Orc:1:    layout_diamond_mine, chequers_guarded_unrand_ignorance, uniq_urug
Orc:2:    st_orc_mages, layout_diamond_mine
Elf:1:    minmay_elf_arrival_circle, layout_gridlike, serial_shops, shop,
          minmay_elf_demonology, hex_large, minmay_elf_annihilation
Elf:2:    layout_geoelf_diagonals, serial_shops, shop, uniq_louise
Elf:3:    nooodl_elf_gasket, layout_loops_corners, basic_altar

Skill      XL: |  1  2  3  4  5  6  7  8  9 10 11 12 13 14 15 16 17 |
---------------+----------------------------------------------------+-----
Spellcasting   | 4 5 6 7 8 10 11 12 14 15 17 18 19 20 | 20.6
Conjurations   | 5 6 7 8 9 10 11 12 14 15 16 17 18 | 18.1
Hexes          | 2 4 6 7 8 9 |  9.0
Translocations | 2 3 5 6 |  6.0
Fire Magic     | 3 5 8 10 12 13 14 15 16 | 16.0
Earth Magic    | 5 7 9 11 | 11.7
Summonings     | 4 6 |  6.9
Dodging        | |  2.4
Stealth        | |  2.4

Action                   |  1- 3 |  4- 6 |  7- 9 | 10-12 | 13-15 | 16-18 || total
-------------------------+-------+-------+-------+-------+-------+-------++-------
Melee: Unarmed           |       |     3 |     3 |       |       |       ||     6
       Long sword        |       |       |       |    17 |       |       ||    17
       Kick              |       |       |       |     2 |       |       ||     2
       Staff             |       |       |       |       |     6 |       ||     6
       Peck              |       |       |       |       |     1 |       ||     1
       Dagger            |       |       |       |       |     1 |       ||     1
 Cast: Magic Dart        |    69 |    90 |   172 |   103 |   352 |       ||   786
       Searing Ray       |       |    16 |    56 |    35 |     1 |       ||   108
       Fulminant Prism   |       |       |     9 |    63 |    83 |    19 ||   174
       Conjure Flame     |       |       |     6 |     3 |    15 |       ||    24
       Iskenderun's Myst |       |       |     2 |    27 |    72 |    10 ||   111
       Sticky Flame      |       |       |       |    16 |    22 |       ||    38
       Fireball          |       |       |       |    48 |   183 |    37 ||   268
       Iskenderun's Batt |       |       |       |    15 |   125 |       ||   140
       Orb of Destructio |       |       |       |       |     7 |     4 ||    11
       Spellforged Servi |       |       |       |       |    24 |    47 ||    71
       Bolt of Magma     |       |       |       |       |     9 |    34 ||    43
Evoke: Wand              |       |       |       |       |     1 |       ||     1
  Use: Scroll            |       |       |     9 |     5 |    29 |     1 ||    44
       Potion            |       |       |       |     2 |     5 |     2 ||     9
Armor: Robe              |       |    13 |     4 |       |     8 |     1 ||    26
       Ring mail         |       |       |       |    18 |    26 |       ||    44
Dodge: Dodged            |     2 |    32 |    28 |    38 |    53 |     9 ||   162
       Repelled          |       |       |       |       |     4 |     6 ||    10
Block: Other             |       |       |       |    10 |    10 |     1 ||    21
       Reflection        |       |       |       |     1 |     3 |       ||     4
       Rpst.: Long sword |       |       |       |     7 |       |       ||     7

Table legend: (Time is in decaauts)
 A = Elapsed time spent in this place.
 B = Non-inter-level travel time spent in this place.
 C = Inter-level travel time spent in this place.
 D = Time resting spent in this place.
 E = Time spent auto-exploring this place.
 F = Levels seen in this place.
 G = Mean time per level.
                   A        B        C        D        E       F      G
               +--------+--------+--------+--------+--------+-----+--------+
         Total |  44063 |  41102 |   2961 |  17290 |  14662 |  29 | 1519.4 |
       Dungeon |  20679 |  19129 |   1550 |   7163 |   8583 |  15 | 1378.6 |
        Temple |    189 |    167 |     22 |      0 |    161 |   1 |  189.0 |
          Lair |  12882 |  12138 |    744 |   5439 |   4125 |   6 | 2147.0 |
  Orcish Mines |   3115 |   2714 |    401 |    991 |    625 |   2 | 1557.5 |
   Elven Halls |   6309 |   6066 |    243 |   3348 |   1049 |   3 | 2103.0 |
        Bailey |    761 |    761 |      0 |    349 |    119 |   1 |  761.0 |
      Gauntlet |    124 |    124 |      0 |      0 |      0 |   1 |  124.0 |
               +--------+--------+--------+--------+--------+-----+--------+

Top non-repeatable levels by time:
  Lair:6: 4659 daAuts
   Elf:2: 2719 daAuts
    D:13: 2644 daAuts
   Elf:1: 2157 daAuts
    D:11: 2064 daAuts
   Orc:2: 1937 daAuts
  Lair:2: 1809 daAuts
     D:2: 1759 daAuts
  Lair:4: 1707 daAuts
  Lair:3: 1694 daAuts
  Lair:5: 1659 daAuts
    D:15: 1645 daAuts
     D:8: 1629 daAuts
     D:9: 1481 daAuts
   Elf:3: 1431 daAuts
